 Dungeon Crawl Stone Soup version 0.28-a0-1429-gf3d713df7a (webtiles) character file.

Game seed: 14172826538017202181

374 Gargoyl the Skirmisher (level 6, 0/53 HPs)
             Began as a Gnoll Abyssal Knight on Jan 8, 2022.
             Was a Believer of Lugonu.
             Slain by a black bear (2 damage)
             ... on level 4 of the Dungeon.
             The game lasted 00:05:58 (3010 turns).

Gargoyl the Skirmisher (Gnoll Abyssal Knight)       Turns: 3010, Time: 00:05:59

Health: 0/53       AC:  9    Str: 14    XL:     6   Next: 72%
Magic:  9/9        EV: 10    Int:  9    God:    Lugonu [**....]
Gold:   137        SH:  0    Dex: 13    Spells: 9/9 levels left

rFire   . . .      SeeInvis .   a - +2 hand axe
rCold   . . .      Faith    .   (no shield)
rNeg    . . .      Spirit   .   s - +0 scale mail
rPois   .          Reflect  .   f - +1 helmet
rElec   .          Harm     .   (no cloak)
rCorr   .          Rampage  .   (no gloves)
Will    .....                   (no boots)
Stlth   +.........              l - amulet of regeneration
HPRegen 0.97/turn               (no ring)
MPRegen 0.11/turn               (no ring)

@: no status effects
A: fangs 1, strong nose, distributed training
a: Renounce Religion, Depart the Abyss, Bend Space


You were on level 4 of the Dungeon.
You worshipped Lugonu.
Lugonu was pleased with you.
You visited 1 branch of the dungeon, and saw 4 of its levels.
You visited the Abyss 1 time.

You collected 137 gold pieces.

Inventory:

Hand Weapons
 a - a +2 hand axe (weapon)
 m - a +0 war axe
Missiles
 h - 3 curare-tipped darts
 n - 9 poisoned darts (quivered)
Armour
 f - a +1 helmet (worn)
 s - a +0 scale mail (worn)
Jewellery
 l - an amulet of regeneration (around neck)
Wands
 o - a wand of flame (17)
Scrolls
 k - 3 scrolls of teleportation
Potions
 d - a potion of flight
 p - a potion of degeneration {unknown}
 q - a potion of brilliance
 r - 3 potions of curing {unknown}


   Skills:
 + Level 6.9 Fighting
 + Level 2.1 Short Blades
 + Level 2.1 Long Blades
 + Level 5.0 Axes
 + Level 2.1 Maces & Flails
 + Level 2.1 Polearms
 + Level 2.1 Staves
 + Level 2.1 Slings
 + Level 2.1 Bows
 + Level 2.1 Crossbows
 + Level 2.1 Throwing
 + Level 5.0 Armour
 + Level 3.3 Dodging
 + Level 2.1 Stealth
 + Level 2.1 Shields
 + Level 2.1 Unarmed Combat
 + Level 2.1 Spellcasting
 + Level 1.6 Conjurations
 + Level 1.6 Hexes
 + Level 1.6 Summonings
 + Level 1.6 Necromancy
 + Level 1.6 Translocations
 + Level 1.6 Transmutations
 + Level 1.6 Fire Magic
 + Level 1.6 Ice Magic
 + Level 1.6 Air Magic
 + Level 1.6 Earth Magic
 + Level 1.6 Poison Magic
 + Level 5.1 Invocations
 + Level 2.1 Evocations


You had 9 spell levels left.
You didn't know any spells.
Your spell library contained the following spells:

 Spells                   Type           Power      Damage    Failure   Level
 Animate Skeleton         Necr           6%         N/A       54%         1
 Apportation              Tloc           6%         N/A       54%         1
 Foxfire                  Conj/Fire      12%        2x1d4     54%         1
 Magic Dart               Conj           12%        1d3       54%         1
 Summon Small Mammal      Summ           12%        N/A       54%         1
 Searing Ray              Conj           6%         2d4       67%         2
 Fulminant Prism          Conj/Hex       1%         3d6       99%         4


Dungeon Overview and Level Annotations

Branches:
Dungeon (4/15)             Temple (0/1) D:4

Altars:
Gozag


Innate Abilities, Weirdness & Mutations

You have very sharp teeth.
Your uncanny sense of smell can sniff out nearby items.
Your experience applies equally to all skills.


Message History

The black bear barely misses you. x2
The black bear barely misses you. x2; The black bear claws you.
You see here 13 gold pieces.
Throw: 10 darts (poison)
Press: ? - help, Q - select action, (/) - cycle Shift-Dir - straight line, f/p - black bear
Aim: a black bear (almost dead, berserk, 69% to hit)
You throw a poisoned dart. The poisoned dart hits the black bear.
The black bear is poisoned.
The black bear is almost dead.
The black bear bites you but does no damage.
The black bear claws you but does no damage.
The black bear claws you.
The black bear rages.
The black bear bites you but does no damage.
The black bear claws you. The black bear completely misses you.
The black bear bites you.
The black bear claws you but does no damage.
The black bear claws you.
Found 3 gold pieces.
The black bear bites you. The black bear claws you. x2
* * * LOW HITPOINT WARNING * * *
You hit the black bear. Your bite misses the black bear.
The black bear is almost dead.
The black bear looks more healthy.
The black bear bites you.
* * * LOW HITPOINT WARNING * * *
The black bear barely misses you. The black bear claws you.
* * * LOW HITPOINT WARNING * * *
You completely miss the black bear.
The black bear is almost dead.
The black bear bites you but does no damage.
The black bear claws you but does no damage. x2
The black bear closely misses you. The black bear claws you.
* * * LOW HITPOINT WARNING * * *
The black bear claws you but does no damage.
You hit the black bear.
You bite the black bear, but do no damage.
The black bear is almost dead.
The black bear bites you but does no damage.
The black bear closely misses you. The black bear claws you.
You die...

...............
#...#.
.######...#####
#.. #. ## #####
#. #. ∆ .. ..
#########
$......@#
############
#######h#
#......(....
#.#
#.##########
#.# #.#
#.#####.#
#.$(...$#
#########


You could see a black bear (berserk).

Vanquished Creatures
  Sigmund (D:2)
  A jelly (D:4)
  Jessica (D:1)
  Terence (D:3)
  Robin (D:3)
  3 adders (D:3)
  An ufetubus (D:3)
  2 worms (D:2)
  3 dart slugs
  An orc (D:3)
  4 endoplasms
  A giant cockroach (D:2)
  15 goblins
  11 hobgoblins
  3 jackals (D:4)
  5 quokkas
  2 ball pythons (D:3)
  3 bats
  A frilled lizard (D:1)
  9 kobolds
  8 rats
77 creatures vanquished.

Vanquished Creatures (others)
  A plant (D:1)
1 creature vanquished.

Grand Total: 78 creatures vanquished

Notes
Turn   | Place    | Note
-------+----------+-------------------------------------------
     0 | Abyss:1  | Gargoyl the Gnoll Abyssal Knight began the quest for the
                  | Orb.
     0 | Abyss:1  | Reached XP level 1. HP: 23/23 MP: 3/3
     0 | D:1      | Escaped the Abyss
   271 | D:1      | Reached XP level 2. HP: 29/29 MP: 5/5
   318 | D:1      | Found a faded altar of an unknown god.
   330 | D:1      | Got Plato's Incunabulum of Confrontation
   929 | D:2      | Reached * piety under Lugonu
   935 | D:2      | Reached XP level 3. HP: 33/35 MP: 6/6
  1026 | D:2      | Noticed Sigmund
  1068 | D:2      | Noticed Jessica
  1094 | D:1      | Killed Jessica
  1095 | D:1      | Reached skill level 1 in Short Blades
  1095 | D:1      | Reached skill level 1 in Long Blades
  1095 | D:1      | Reached skill level 1 in Maces & Flails
  1095 | D:1      | Reached skill level 1 in Polearms
  1095 | D:1      | Reached skill level 1 in Staves
  1095 | D:1      | Reached skill level 1 in Slings
  1095 | D:1      | Reached skill level 1 in Bows
  1095 | D:1      | Reached skill level 1 in Crossbows
  1095 | D:1      | Reached skill level 1 in Throwing
  1095 | D:1      | Reached skill level 1 in Stealth
  1095 | D:1      | Reached skill level 1 in Shields
  1095 | D:1      | Reached skill level 1 in Unarmed Combat
  1095 | D:1      | Reached skill level 1 in Spellcasting
  1095 | D:1      | Reached skill level 1 in Evocations
  1095 | D:1      | Reached XP level 4. HP: 11/41 MP: 7/7
  1461 | D:2      | Killed Sigmund
  1462 | D:2      | Reached skill level 1 in Conjurations
  1462 | D:2      | Reached skill level 1 in Hexes
  1462 | D:2      | Reached skill level 1 in Summonings
  1462 | D:2      | Reached skill level 1 in Necromancy
  1462 | D:2      | Reached skill level 1 in Translocations
  1462 | D:2      | Reached skill level 1 in Transmutations
  1462 | D:2      | Reached skill level 1 in Fire Magic
  1462 | D:2      | Reached skill level 1 in Ice Magic
  1462 | D:2      | Reached skill level 1 in Air Magic
  1462 | D:2      | Reached skill level 1 in Earth Magic
  1462 | D:2      | Reached skill level 1 in Poison Magic
  1462 | D:2      | Reached skill level 5 in Invocations
  1462 | D:2      | Reached XP level 5. HP: 25/47 MP: 8/8
  1636 | D:2      | Reached XP level 6. HP: 53/53 MP: 9/9
  1943 | D:3      | Noticed Robin
  1999 | D:3      | Killed Robin
  2042 | D:3      | Reached ** piety under Lugonu
  2107 | D:3      | Noticed Terence
  2131 | D:3      | Killed Terence
  2132 | D:3      | Reached skill level 5 in Axes
  2132 | D:3      | Reached skill level 5 in Armour
  2272 | D:3      | Found an opulent altar of Gozag.
  2925 | D:4      | Found a staircase to the Ecumenical Temple.
  2941 | D:4      | Noticed a black bear
  3009 | D:4      | HP: 1/53 [black bear (5)]
  3010 | D:4      | Slain by a black bear

Illustrated notes

Levels and vault maps discovered:
D:1:      minmay_arrival_four_houses, layout_basic,
          shapermc_ecumenical_altar_rom_forum
D:2:      layout_rooms, minmay_misc_feat_x, uniq_sigmund, uniq_jessica
D:3:      layout_basic, grunt_gozag_statues, uniq_terence, uniq_robin
D:4:      layout_loops_ring, lemuel_crystal_altar, kennysheep_little_box,
          mainiacjoe_overflow_alcove_2, nicolae_sif_muna_little_library,
          minmay_temple_entry_slanted

Skill      XL: |  1  2  3  4  5  6 |
---------------+-------------------+-----
Short Blades   | 1 2 |  2.1
Long Blades    | 1 2 |  2.1
Maces & Flails | 1 2 |  2.1
Polearms       | 1 2 |  2.1
Staves         | 1 2 |  2.1
Slings         | 1 2 |  2.1
Bows           | 1 2 |  2.1
Crossbows      | 1 2 |  2.1
Throwing       | 1 2 |  2.1
Stealth        | 1 2 |  2.1
Shields        | 1 2 |  2.1
Unarmed Combat | 1 2 |  2.1
Spellcasting   | 1 2 |  2.1
Evocations     | 1 2 |  2.1
Dodging        | 3 |  3.3
Conjurations   | 1 |  1.6
Hexes          | 1 |  1.6
Summonings     | 1 |  1.6
Necromancy     | 1 |  1.6
Translocations | 1 |  1.6
Transmutations | 1 |  1.6
Fire Magic     | 1 |  1.6
Ice Magic      | 1 |  1.6
Air Magic      | 1 |  1.6
Earth Magic    | 1 |  1.6
Poison Magic   | 1 |  1.6
Invocations    | 5 |  5.1
Axes           | 5 |  5.0
Armour         | 5 |  5.0
Fighting       | |  6.9

Action                   |  1- 3 |  4- 6 || total
-------------------------+-------+-------++-------
Melee: Hand axe          |    56 |   178 ||   234
       Bite              |     2 |    14 ||    16
       Punch             |       |     3 ||     3
Throw: Dart              |     2 |     8 ||    10
Invok: Depart the Abyss  |     1 |       ||     1
  Use: Potion            |     1 |       ||     1
       Scroll            |       |     8 ||     8
 Stab: Sleeping          |     1 |     1 ||     2
Armor: Leather armour    |    19 |    47 ||    66
       Scale mail        |       |    39 ||    39
Dodge: Dodged            |    47 |   143 ||   190

Table legend: (Time is in decaauts)
 A = Elapsed time spent in this place.
 B = Non-inter-level travel time spent in this place.
 C = Inter-level travel time spent in this place.
 D = Time resting spent in this place.
 E = Time spent auto-exploring this place.
 F = Levels seen in this place.
 G = Mean time per level.
                   A        B        C        D        E       F      G
               +--------+--------+--------+--------+--------+-----+--------+
         Total |   3023 |   2951 |     72 |    100 |   2028 |   5 |  604.6 |
       Dungeon |   3023 |   2951 |     72 |    100 |   2028 |   4 |  755.8 |
         Abyss |      0 |      0 |      0 |      0 |      0 |   1 |    0.0 |
               +--------+--------+--------+--------+--------+-----+--------+

Top non-repeatable levels by time:
     D:1: 1130 daAuts
     D:3: 977 daAuts
     D:2: 740 daAuts
     D:4: 175 daAuts
